 Dungeon Crawl Stone Soup version 0.25.0-45-g978344163c (webtiles) character file.

Game seed: 12192935915704540511

50 Peloso the Skirmisher (level 3, 0/29 HPs)
             Began as a Demonspawn Fighter on July 11, 2020.
             Slain by a worker ant (1 damage)
             ... on level 4 of the Dungeon.
             The game lasted 00:02:18 (1106 turns).

Peloso the Skirmisher (Demonspawn Fighter)          Turns: 1106, Time: 00:02:19

Health: 0/29       AC:  6    Str: 17    XL:     3   Next: 55%
Magic:  3/3        EV:  3    Int:  9    God:
Gold:   66         SH:  9    Dex: 14    Spells: 2/2 levels left

rFire    . . .     SeeInvis .   a - +0 long sword
rCold    . . .     Gourm    .   c - +0 kite shield
rNeg     . . .     Faith    .   b - +0 scale mail
rPois    .         Spirit   .   (no helmet)
rElec    .         Reflect  .   (no cloak)
rCorr    .         Harm     .   (no gloves)
MR       .....                  (no boots)
Stlth    ..........             (no amulet)
HPRegen  0.09/turn              j - ring of wizardry
MPRegen  0.08/turn              k - -4 ring of evasion (curse)

@: no status effects
A: hooves 1, thin skeletal structure 1
a: no special abilities


You were on level 4 of the Dungeon.
You were hungry.

You visited 1 branch of the dungeon, and saw 4 of its levels.

You collected 66 gold pieces.

Inventory:

Hand Weapons
 a - a +0 long sword (weapon)
Missiles
 g - 31 bolts
Armour
 b - a +0 scale mail (worn)
 c - a +0 kite shield (worn)
Jewellery
 j - a ring of wizardry (left hand)
 k - a cursed -4 ring of evasion (right hand)
Scrolls
 e - a scroll of blinking
 h - a scroll of enchant weapon {unknown}
Potions
 d - a potion of might
 l - a potion of magic {unknown}
Comestibles
 f - a ration


   Skills:
 + Level 3.2 Fighting
 + Level 2.3 Long Blades
 + Level 3.1 Armour
 + Level 0.5 Dodging
 + Level 3.0 Shields


You had 2 spell levels left.
You didn't know any spells.
Your spell library was empty.

Dungeon Overview and Level Annotations

Branches:
Dungeon (4/15)
 Temple: D:4-7

Altars:

Annotations:
D:3 Grinder


Innate Abilities, Weirdness & Mutations

You have large cloven feet.
You have a somewhat thin skeletal structure. (Dex +2, Stealth)


Message History

Found a stone staircase leading down.
There is a stone staircase leading up here.
Found a scroll labeled RASAIL TOV.
A frilled lizard comes into view.
The frilled lizard hisses angrily.
You hit the worker ant.
You kick the worker ant, but do no damage.
The worker ant is lightly wounded.
The worker ant waves its antennae.
You block the worker ant's attack. x2
You hit the worker ant.
You kick the worker ant, but do no damage.
The worker ant is moderately wounded.
The worker ant bites you but does no damage.
You closely miss the worker ant. Your kick misses the worker ant.
The worker ant is moderately wounded.
The worker ant bites you.
* * * LOW HITPOINT WARNING * * *
The worker ant bites you.
You die...

##.#..............%
#........>.<.......
..................
#...............
.######.!.........##..
.......!..........# .
#.....###.....#....#
........aK#........%#
.......@#.......#..%.
...?....###..........
........# #..####...
....l...# ..## ..
........# .# .........
......... .........


You could see a worker ant, a kobold and a frilled lizard.

Vanquished Creatures
  An adder (D:2)
  A gnoll (D:2)
  A dart slug (D:1)
  A leopard gecko (D:1)
  3 giant cockroaches
  4 goblins (D:1)
  2 hobgoblins
  7 kobolds
  A ball python (D:1)
  3 bats (D:1)
  3 rats
27 creatures vanquished.

Notes
Turn   | Place    | Note
-------+----------+-------------------------------------------
     0 | D:1      | Peloso the Demonspawn Fighter began the quest for the Orb.
     0 | D:1      | Reached XP level 1. HP: 18/18 MP: 1/1
   301 | D:1      | Gained mutation: You have large cloven feet. [demonic
                  | ancestry]
   301 | D:1      | Reached XP level 2. HP: 23/24 MP: 2/2
  1046 | D:2      | Gained mutation: You have a somewhat thin skeletal
                  | structure. (Dex +2, Stealth) [demonic ancestry]
  1046 | D:2      | Reached XP level 3. HP: 26/29 MP: 3/3
  1062 | D:2      | HP: 1/29 [gnoll/+0 spear (2)]
  1089 | D:3      | Noticed Grinder
  1106 | D:4      | HP: 1/29 [worker ant (4)]
  1106 | D:4      | Slain by a worker ant

Illustrated notes

Levels and vault maps discovered:
D:1:      elethiomel_arrival_infinity_welcomes_careful_drivers,
          layout_loops_ring, minmay_tromino_i2
D:2:      minmay_wonky_spiral, layout_basic, nicolae_overflow_crystal_walls
D:3:      layout_rooms, first_ration, uniq_ijyb, uniq_grinder
D:4:      layout_rooms, minmay_temple_entry_junction, minivault_19,
          item_on_display_a, uniq_sigmund, uniq_edmund, uniq_pikel,
          uniq_blork_the_orc, uniq_robin, uniq_crazy_yiuf_cottage

Skill      XL: |  1  2  3 |
---------------+----------+-----
Armour         | 3 |  3.1
Long Blades    | 2 |  2.3
Shields        | 3 |  3.0
Fighting       | |  3.2
Dodging        | |  0.5

Action                   || total
-------------------------++-------
Melee: Long sword        ||    74
       Kick              ||    13
  Use: Scroll            ||     2
Armor: Scale mail        ||    24
Dodge: Dodged            ||    28
Block: Kite shield       ||    45
       Rpst.: Long sword ||     6
